 Dungeon Crawl Stone Soup version 0.30-a0-439-g9e77e4d916 (webtiles) character file.

Game seed: 483475672245623211

186 p00ps00p the Trooper (level 5, -2/47 HPs)
             Began as a Hill Orc Fighter on Dec 10, 2022.
             Slain by a lemure (7 damage)
             ... led by Pikel
             ... on level 4 of the Dungeon.
             The game lasted 00:03:40 (2213 turns).

p00ps00p the Trooper (Hill Orc Fighter)             Turns: 2213, Time: 00:03:40

Health: -2/47      AC: 13    Str: 21    XL:     5   Next: 65%
Magic:  5/5        EV:  7    Int:  8    God:
Gold:   154        SH:  5    Dex: 10    Spells: 4/4 levels left

rFire   + . .      SeeInvis .    a - +0 war axe
rCold   + . .      Faith    .    e - +1 buckler of Foolhardiness {rN+ rCorr}
rNeg    + . .      Spirit   .    h - +0 chain mail
rPois   .          Reflect  .    k - +1 helmet
rElec   .          Harm     .    q - scarf {rC+ rF+}
rCorr   +          Rampage  .    (no gloves)
Will    .....                    b - +0 pair of boots
Stlth   ..........               (no amulet)
HPRegen 0.27/turn                (no ring)
MPRegen 0.09/turn                (no ring)

@: no status effects
A: no striking features
a: no special abilities


You were on level 4 of the Dungeon.
You visited 1 branch of the dungeon, and saw 4 of its levels.

You collected 204 gold pieces.
You spent 50 gold pieces at shops.

Inventory:

Hand Weapons
 a - a +0 war axe (weapon)
Armour
 b - a +0 pair of boots (worn)
 e - the +1 buckler of Foolhardiness (worn) {rN+ rCorr}
   (You acquired it on level 1 of the Dungeon)

   rN:        It protects you from negative energy.
   rCorr:     It protects you from acid and corrosion.
 h - a +0 chain mail (worn)
 k - a +1 helmet (worn)
 q - a scarf of resistance (worn)
Jewellery
 j - a ring of ice
 m - an amulet of faith
 r - a ring of ice
Scrolls
 n - a scroll of poison
 p - 2 scrolls of teleportation
Potions
 c - a potion of mutation
 d - a potion of might
 f - a potion of invisibility
 g - a potion of lignification {unknown}
 i - 5 potions of curing
 l - a potion of brilliance {unknown}
 o - a potion of haste {unknown}


   Skills:
 + Level 4.9 Fighting
 + Level 4.3 Axes
 + Level 4.4 Armour
 + Level 4.3 Shields


You had 4 spell levels left.
You didn't know any spells.
Your spell library contained the following spells:

 Spells                   Type           Power      Damage    Failure   Level
 Hailstorm                Conj/Ice       0%         3d3       100%        3
 Ice Form                 Ice/Tmut       0%         N/A       100%        4
 Simulacrum               Ice/Necr       0%         N/A       100%        6


Dungeon Overview and Level Annotations

Branches:
Dungeon (4/15)
 Temple: D:4-7

Altars:
Okawaru

Shops:
D:1 *[*=

Annotations:
D:3 2 transporters
D:4 Pikel


Message History

2 lemures come into view.
The lemure shouts!
A lemure comes into view.
Pikel closely misses you.
You barely miss Pikel. You barely miss the lemure. Pikel barely misses you.
You closely miss Pikel. You hit the lemure but do no damage.
You slash the lemure! You block Pikel's attack. The lemure hits you.
The lemure hits you but does no damage. You block the lemure's attack.
Pikel hits you but does no damage. You block the lemure's attack.
You barely miss Pikel. You hit the lemure. x2
Pikel hits you but does no damage. The lemure barely misses you.
You block the lemure's attack.
You hit Pikel.
Pikel is lightly wounded.
You closely miss the lemure. You hit the lemure.
Pikel hits you with a +1 whip of freezing.
The lemure hits you but does no damage. The lemure hits you.
Pikel hits you with a +1 whip of freezing!
Pikel freezes you.
The lemure hits you but does no damage. x2
You barely miss Pikel.
Pikel is lightly wounded.
You hit the lemure. You barely miss the lemure.
Pikel hits you with a +1 whip of freezing!
Pikel freezes you. You block the lemure's attack. x2
You closely miss Pikel.
Pikel is lightly wounded.
You hit the lemure. You closely miss the lemure.
Pikel hits you with a +1 whip of freezing!
* * * LOW HITPOINT WARNING * * *
The lemure hits you but does no damage. The lemure closely misses you.
You closely miss Pikel.
Pikel is lightly wounded.
You barely miss the lemure. You hit the lemure but do no damage.
Pikel hits you with a +1 whip of freezing.
* * * LOW HITPOINT WARNING * * *
You block the lemure's attack. x2
Pikel hits you with a +1 whip of freezing.
* * * LOW HITPOINT WARNING * * *
The lemure closely misses you. The lemure hits you!
You die...

.....# ....# ....#
...+ ...# #55#
#K5#### +@5...#
#.....# ##.
#.....# #....
#.....# #....
#.....# .. #...
##...##
..##...###...####.
..................
.................


You could see Pikel and 4 lemures.

Vanquished Creatures
  A scorpion (D:4)
  4 gnolls (D:4)
  An adder (D:3)
  2 worms
  4 dart slugs
  6 ball pythons
  6 endoplasms
  12 goblins
  6 hobgoblins
  2 jackals (D:2)
  A quokka (D:2)
  3 bats (D:1)
  5 frilled lizards
  5 kobolds
  9 rats
67 creatures vanquished.

Notes
Turn   | Place    | Note
-------+----------+-------------------------------------------
     0 | D:1      | p00ps00p the Hill Orc Fighter began the quest for the Orb.
     0 | D:1      | Reached XP level 1. HP: 19/19 MP: 1/1
   107 | D:1      | Reached XP level 2. HP: 27/27 MP: 2/2
   237 | D:1      | Found Komuff's Antique Armour Shop.
   299 | D:1      | Found Reyroi's Assorted Antiques.
   309 | D:1      | Bought a scroll labelled NIEMOA VIAMAESS for 25 gold pieces
   309 | D:1      | Bought a scroll labelled XUCEECREIZ for 25 gold pieces
   311 | D:1      | Acquired the +1 buckler of Foolhardiness {rN+ rCorr}
   378 | D:1      | Found Duxkiuje's Assorted Antiques.
   394 | D:1      | Found Voraokos's Jewellery Boutique.
   535 | D:1      | Reached XP level 3. HP: 33/33 MP: 3/3
  1087 | D:2      | Reached XP level 4. HP: 39/40 MP: 4/4
  1250 | D:3      | Found a faded altar of an unknown god.
  1265 | D:3      | Noticed a kobold demonologist
  1344 | D:3      | Found a transporter.
  1523 | D:3      | Found a transporter.
  1636 | D:3      | Found an iron altar of Okawaru.
  1871 | D:4      | Reached XP level 5. HP: 22/47 MP: 5/5
  2203 | D:4      | Noticed Pikel
  2203 | D:4      | Noticed a lemure
  2204 | D:4      | Noticed a lemure
  2204 | D:4      | Noticed a lemure
  2204 | D:4      | Noticed a lemure
  2213 | D:4      | Slain by a lemure

Illustrated notes

Levels and vault maps discovered:
D:1:      dpeg_arrival_windows_large_door, layout_rooms, serial_shops, shop,
          nicolae_shop_crystal, nicolae_shop_hallway_stairs,
          nicolae_lakefront_shop, serial_bayou_pond_d, minmay_tetromino_o4
D:2:      layout_basic
D:3:      gammafunk_wand_slinger, layout_basic, mainiacjoe_overflow_alcove_2,
          hellmonk_ecumenical_altar_blasted
D:4:      layout_gridville, minivault_14, uniq_pikel

Skill      XL: |  1  2  3  4 |
---------------+-------------+-----
Axes           | 3 4 |  4.3
Fighting       | 4 |  4.9
Armour         | 4 |  4.4
Shields        | 4 |  4.3

Action                   |  1- 3 |  4- 6 || total
-------------------------+-------+-------++-------
Melee: War axe           |    99 |    64 ||   163
  Use: Scroll            |     4 |     2 ||     6
Armor: Scale mail        |     7 |       ||     7
       Chain mail        |    49 |    42 ||    91
Dodge: Dodged            |    47 |    21 ||    68
Block: Buckler           |    32 |    27 ||    59

Table legend: (Time is in decaauts)
 A = Elapsed time spent in this place.
 B = Non-inter-level travel time spent in this place.
 C = Inter-level travel time spent in this place.
 D = Time resting spent in this place.
 E = Time spent auto-exploring this place.
 F = Levels seen in this place.
 G = Mean time per level.
                   A        B        C        D        E       F      G
               +--------+--------+--------+--------+--------+-----+--------+
         Total |   2272 |   2188 |     84 |    259 |   1442 |   4 |  568.0 |
       Dungeon |   2272 |   2188 |     84 |    259 |   1442 |   4 |  568.0 |
               +--------+--------+--------+--------+--------+-----+--------+

Top non-repeatable levels by time:
     D:2: 632 daAuts
     D:1: 617 daAuts
     D:3: 594 daAuts
     D:4: 428 daAuts
